 Dungeon Crawl Stone Soup version 0.28.0 (webtiles) character file.

Game seed: 12863568292194125682

1003 Spectrina the Covert (level 8, -6/34 HPs)
             Began as a Felid Monk on Feb 5, 2022.
             Was an Elder of Kikubaaqudgha.
             Mangled by an orc warrior (10 damage)
             ... on level 8 of the Dungeon.
             The game lasted 00:54:57 (4213 turns).

Spectrina the Covert (Felid Monk)                   Turns: 4213, Time: 00:54:58

Health: -6/34      AC:  2    Str:  7    XL:     8   Next: 0%
Magic:  7/17       EV: 34    Int: 14    God:    Kikubaaqudgha [****..]
Gold:   200        SH:  0    Dex: 18    Spells: 2/18 levels left
                                        Lives:  0   Deaths: 2

rFire   . . .      SeeInvis +     - Unarmed
rCold   . . .      Faith    .   (shield unavailable)
rNeg    . . .      Spirit   .   (armour unavailable)
rPois   .          Reflect  .   (helmet unavailable)
rElec   .          Harm     .   (cloak unavailable)
rCorr   .          Rampage  .   (gloves unavailable)
Will    +....                   (boots unavailable)
Stlth   ++++......              c - amulet of the acrobat
HPRegen 0.11/turn               (no ring)
MPRegen 0.15/turn               (no ring)

@: acrobatic, quick
A: very small, claws 1, fangs 3, see invisible, speed 1, shaggy fur 2, stealthy
paws, no weapons or thrown items, no armour, multi-lived
a: Renounce Religion, Receive Corpses


You were on level 8 of the Dungeon.
You worshipped Kikubaaqudgha.
Kikubaaqudgha was greatly pleased with you.
You visited 1 branch of the dungeon, and saw 9 of its levels.
You also visited: Bailey.

You collected 252 gold pieces.
You spent 52 gold pieces at shops.

Inventory:

Missiles
 b - 139 stones
Jewellery
 c - an amulet of the acrobat (around neck)
 j - a ring of ice
Wands
 p - a wand of mindburst (1)
Scrolls
 i - 2 scrolls of fear {unknown}
 k - 3 scrolls of teleportation
 l - a scroll of vulnerability
 m - a scroll of acquirement
 o - a scroll of brand weapon
 q - a scroll of torment {unknown}
 r - a scroll of magic mapping
Potions
 a - a potion of magic {unknown}
 d - 2 potions of cancellation
 e - a potion of might
 f - a potion of brilliance
 g - 3 potions of haste
 h - a potion of mutation {unknown}
 n - a potion of curing


   Skills:
 - Level 3.0 Fighting
 - Level 4.0 Dodging
 - Level 8.0 Stealth
 - Level 5.2 Unarmed Combat
 * Level 5.6 Spellcasting
 + Level 5.7 Hexes
 + Level 5.2 Necromancy


You had 2 spell levels left.
You knew the following spells:

 Your Spells              Type           Power      Damage    Failure   Level
a - Vampiric Draining     Necr           18%        2d7       5%          3
f - Dispel Undead         Necr           18%        3d11      19%         4
m - Animate Skeleton      Necr           36%        N/A       1%          1
n - Animate Dead          Necr           9%         N/A       19%         4
q - Anguish               Hex/Necr       9%         N/A       17%         4

Your spell library contained the following spells:

 Spells                   Type           Power      Damage    Failure   Level
 Pain                     Necr           72%        1d7       1%          1
 Call Canine Familiar     Summ           3%         N/A       45%         3
 Leda's Liquefaction      Hex/Erth       5%         N/A       45%         4
 Agony                    Necr           18%        N/A       45%         5
 Borgnjor's Vile Clutch   Necr/Erth      5%         N/A       83%         5
 Death Channel            Necr           9%         N/A       96%         6
 Portal Projectile        Hex/Tloc       Unusable   N/A       N/A         3

Dungeon Overview and Level Annotations

Branches:
Dungeon (9/15)             Temple (0/1) D:5          Bailey (visited)
   Lair: D:8-11         Orc: D:9-12

Altars:
Kikubaaqudgha

Shops:
D:1 *   D:3 *

Annotations:
D:5 Dowan; Duvessa
D:7 3 runed translucent doors, daervis's ghost, novice GrBe


Innate Abilities, Weirdness & Mutations

You have sharp claws.
You have razor-sharp teeth.
You have supernaturally acute eyesight. (SInv)
You cover ground quickly. (Speed+)
You are covered in thick fur. (AC +2)
Your paws help you pounce on unaware monsters.
You are incapable of wielding weapons or throwing items.
You cannot wear armour.
You gain extra lives every three experience levels.


Message History

You attempt to give life to the dead...
Before your eyes, flesh is ripped from the corpse!
The dead are walking!
You see here a +1 hand axe of freezing.
There is an open door here.
You see here a scroll labelled POCWIA TIREC.
q - a scroll labelled POCWIA TIREC The orc shouts!
Found a scroll labelled EMAYXZ JIRE and a whip.
You scratch the orc.
The orc is heavily wounded.
The orc misses you.
You barely miss the orc.
The orc is heavily wounded.
The orc hits you with a +0 club.
You barely miss the orc.
The orc is heavily wounded.
The orc hits you with a +0 club.
You scratch the orc. Your bite misses the orc.
The orc is almost dead.
The orc hits you with a +0 club.
You scratch the orc.
You kill the orc!
Kikubaaqudgha accepts your kill.
Things that are here:
a +0 club; a +0 rapier
r - a scroll of magic mapping You swap places.
i - 2 scrolls labelled EMAYXZ JIRE (gained 1)
You swap places.
There is an open door here.
An orc warrior is nearby!
Unknown command.
The orc warrior shouts!
The orc warrior hits you from afar with a +0 trident of flaming!!
Ouch! That really hurt!
* * * LOW HITPOINT WARNING * * *
The orc warrior burns you!
You die...
Kikubaaqudgha rasps: "You have failed me!
Welcome... death!"

,,,,,* **,* ,,,,,**
####*##.,*
,,,,,,***##...##..**
,,,,,..,*#?......#*
*****o###..#..*..# *
*.....###..#.## *
##..o.##.##.#..# *##
**##.....,#.#.o...###.#
.##....#,##.##.#@.....#
.(....####...####...###
...#.##)...)....##..#
#.....####...####..##
#......#.##.##.#...###
#..##>....#.'Z.Z.....#
#..*###..##.##...#####
...## ##.Z###).#.#
.#..# ##..#..##.#******


You could see an orc warrior.

Vanquished Creatures
  A hornet (D:8)
  An orc warrior (D:4)
  A necrophage (D:6)
  A centaur (D:7)
  A phantom (D:5)
  A kobold brigand (D:7)
  3 scorpions
  4 bullfrogs
  A wyvern skeleton (D:6)
  4 wights (D:8)
  A centaur zombie (D:6)
  A hound (D:4)
  2 centaur skeletons (D:6)
  2 orc priests (D:5)
  An iguana (D:6)
  An orc wizard (D:8)
  A hound skeleton (D:4)
  5 adders
  An adder zombie (D:5)
  2 dart slugs
  16 orcs
  7 ball pythons
  3 bats
  8 endoplasms
  10 goblins
  7 hobgoblins
  7 jackals
  2 quokkas
  5 frilled lizards
  9 kobolds
  6 rats
115 creatures vanquished.

Vanquished Creatures (collateral kills)
  A water moccasin skeleton (D:6)
  A bullfrog skeleton (D:6)
  A hound skeleton (D:3)
3 creatures vanquished.

Vanquished Creatures (others)
  A human (D:8)
  2 kobolds (D:7)
3 creatures vanquished.

Grand Total: 121 creatures vanquished

Notes
Turn   | Place    | Note
-------+----------+-------------------------------------------
     0 | D:1      | Spectrina the Felid Monk began the quest for the Orb.
     0 | D:1      | Reached XP level 1. HP: 10/10 MP: 2/2
    77 | D:1      | Found Joarie's Assorted Antiques.
   102 | D:2      | Found a faded altar of an unknown god.
   104 | D:2      | Noticed a shining eye
   104 | D:2      | Noticed a golden eye
   105 | D:2      | Noticed a great orb of eyes
   105 | D:2      | Noticed a floating eye
   116 | D:2      | Reached skill level 3 in Stealth
   117 | D:2      | Prayed at the altar of an unknown god.
   117 | D:2      | Became a worshipper of Kikubaaqudgha
   117 | D:2      | Reached * piety under Kikubaaqudgha
   117 | D:2      | Received a gift from Kikubaaqudgha
   117 | D:2      | Reached ** piety under Kikubaaqudgha
   142 | D:1      | Reached XP level 2. HP: 9/14 MP: 3/3
   220 | D:2      | Learned a level 1 spell: Animate Skeleton
   567 | D:2      | Reached *** piety under Kikubaaqudgha
   567 | D:2      | Received a gift from Kikubaaqudgha
   693 | D:2      | Reached skill level 4 in Stealth
   693 | D:2      | Reached XP level 3. HP: 7/17 MP: 4/4
   731 | D:2      | Reached skill level 1 in Necromancy
   992 | D:3      | Found Ofelaugh's Assorted Antiques.
  1000 | D:3      | Bought 2 blue potions for 52 gold pieces
  1334 | D:3      | Reached XP level 4. HP: 12/21 MP: 5/5
  1421 | D:3      | Reached skill level 5 in Stealth
  1605 | D:4      | Reached XP level 5. HP: 19/24 MP: 6/6
  1611 | D:4      | Noticed an orc warrior
  1640 | D:4      | Learned a level 3 spell: Vampiric Draining
  1859 | D:4      | Killed an orc warrior
  1860 | D:4      | Reached skill level 6 in Stealth
  1860 | D:4      | Reached skill level 1 in Spellcasting
  2026 | D:4      | Gained mutation: You are covered in thick fur. (AC +2)
                  | [Felid growth]
  2026 | D:4      | Reached XP level 6. HP: 21/28 MP: 8/8
  2026 | D:4      | Reached **** piety under Kikubaaqudgha
  2103 | D:5      | Entered Level 5 of the Dungeon
  2189 | D:6      | Reached skill level 7 in Stealth
  2204 | D:7      | Noticed daervis's ghost (novice GrBe)
  2205 | D:7      | Noticed a water moccasin
  2206 | D:7      | Identified the +2 helmet "Vistonuf" {rPois}
  2206 | D:7      | Noticed a centaur warrior
  2275 | D:6      | Learned a level 4 spell: Anguish
  2320 | D:6      | Reached XP level 7. HP: 17/31 MP: 9/11
  2486 | D:6      | Reached skill level 1 in Hexes
  2675 | D:5      | Reached skill level 8 in Stealth
  2737 | D:5      | Found a staircase to the Ecumenical Temple.
  2738 | D:5      | Noticed Duvessa
  2860 | D:3      | Killed from afar by an orc priest
  2861 | D:3      | Reached XP level 6. HP: -8/27 MP: 4/11
  3124 | D:6      | Reached skill level 5 in Unarmed Combat
  3128 | D:6      | Reached XP level 7. HP: 19/31 MP: 12/12
  3262 | D:6      | Learned a level 4 spell: Dispel Undead
  3357 | D:5      | Noticed Dowan
  3418 | D:7      | Found a runed translucent gate.
  3423 | D:7      | Found a runed translucent gate.
  3653 | D:8      | Found a flagged portal.
  3675 | Bailey   | Entered a bailey
  3678 | Bailey   | Noticed a human
  3679 | Bailey   | Noticed a human
  3683 | Bailey   | Noticed a human
  3684 | Bailey   | Noticed a human
  3688 | Bailey   | Noticed a human
  3692 | D:8      | Killed a human
  3693 | D:8      | Reached XP level 8. HP: 21/34 MP: 1/16
  3696 | D:8      | Slain by a human
  3697 | D:8      | Reached XP level 7. HP: -1/31 MP: 1/15
  3719 | D:8      | Noticed a hornet
  3720 | D:8      | Killed a hornet
  3721 | D:8      | Reached skill level 5 in Spellcasting
  3721 | D:8      | Reached skill level 5 in Hexes
  3743 | D:7      | Reached skill level 5 in Necromancy
  3751 | D:7      | Identified a scroll of acquirement
  3763 | D:7      | Learned a level 4 spell: Animate Dead
  3908 | D:7      | Found a runed translucent gate.
  4022 | D:9      | Noticed a two-headed ogre
  4036 | D:9      | Noticed a two-headed ogre
  4118 | D:8      | Noticed a two-headed ogre
  4124 | D:8      | Noticed a two-headed ogre
  4158 | D:8      | Reached XP level 8. HP: 25/34 MP: 1/17
  4213 | D:8      | Mangled by an orc warrior

Illustrated notes

Levels and vault maps discovered:
D:1:      lightli_arrival_noodles, layout_rooms, serial_shops, shop_statue,
          corexii_item_surrounded_by_moat, minmay_pentomino_r4
D:2:      minmay_angry_zag, layout_basic, basic_altar,
          hellmonk_ecumenical_altar_watching_god,
          hangedman_abyss_or_decor_lesser_grid
D:3:      layout_basic, serial_shops, shop
D:4:      minmay_chambers_of_fours, layout_basic, uniq_menkaure,
          uniq_blork_the_orc
D:5:      layout_basic, minmay_temple_entry_large_hall, minmay_misc_feat_alley,
          uniq_duvessa
D:6:      layout_gridville
D:7:      layout_cave_pods, gammafunk_ghost_split
D:8:      layout_layer_cave, nicolae_sif_muna_little_library, enter_bailey_5,
          minmay_fractal_squares_gapless_5
D:9:      layout_long_grid, dpeg_oklobed_lair, minmay_misc_feat_hallway,
          uniq_grum

Skill      XL: |  1  2  3  4  5  6  7 |
---------------+----------------------+-----
Stealth        | 3 4 5 6 7 8 |  8.0
Necromancy     | 1 2 3 5 |  5.2
Unarmed Combat | 4 5 |  5.2
Spellcasting   | 1 3 5 |  5.6
Hexes          | 2 5 |  5.7
Fighting       | |  3.0
Dodging        | |  4.0

Action                   |  1- 3 |  4- 6 |  7- 9 || total
-------------------------+-------+-------+-------++-------
Melee: Unarmed           |   102 |   121 |   100 ||   323
       Bite              |     9 |    16 |    12 ||    37
       Punch             |     2 |     5 |       ||     7
 Cast: Animate Skeleton  |    12 |    15 |     8 ||    35
       Vampiric Draining |       |     1 |    16 ||    17
       Anguish           |       |       |     6 ||     6
       Dispel Undead     |       |       |     4 ||     4
Invok: Receive Corpses   |       |       |     1 ||     1
  Use: Potion            |     1 |     1 |     7 ||     9
       Scroll            |       |     2 |     9 ||    11
 Stab: Sleeping          |    12 |    14 |     4 ||    30
       Distracted        |       |       |     1 ||     1
Armor: Skin              |     3 |     7 |    16 ||    26
Dodge: Dodged            |    64 |    81 |   109 ||   254
